 Dungeon Crawl Stone Soup version 0.29.1-15-g9cfb28693d (webtiles) character file.

Game seed: 9262202467244390891

518 chaostorm the Shooter (level 7, -2/42 HPs)
             Began as a Tengu Hunter on Apr 6, 2023.
             Slain by an iguana (12 damage)
             ... on level 5 of the Dungeon.
             The game lasted 00:48:58 (5858 turns).

chaostorm the Shooter (Tengu Hunter)                Turns: 5858, Time: 00:48:59

Health: -2/42      AC:  4    Str: 11    XL:     7   Next: 21%
Magic:  8/8        EV: 16    Int: 10    God:
Gold:   162        SH:  0    Dex: 19    Spells: 6/6 levels left

rFire   . . .      SeeInvis .   a - +0 shortbow
rCold   . . .      Faith    .   (shield currently unavailable)
rNeg    . . .      Spirit   .   c - +0 leather armour
rPois   .          Reflect  .   (helmet restricted)
rElec   .          Harm     .   (no cloak)
rCorr   .          Rampage  .   h - +0 pair of gloves
Will    .....                   (boots unavailable)
Stlth   ++........              (no amulet)
HPRegen 0.14/turn               (no ring)
MPRegen 0.11/turn               (no ring)

@: about to teleport, flying quickly and evasively, quick
A: beak, talons 3, nimble flight, sense surroundings 1, wild magic 1
a: no special abilities


You were on level 5 of the Dungeon.
You visited 1 branch of the dungeon, and saw 5 of its levels.

You collected 162 gold pieces.

Inventory:

Hand Weapons
 a - a +0 shortbow (weapon)
Missiles
 k - a throwing net
 p - 8 poisoned darts
Armour
 c - a +0 leather armour (worn)
 h - a +0 pair of gloves (worn)
Jewellery
 f - a ring of magical power
Wands
 n - a wand of mindburst (16)
 s - a wand of quicksilver (8)
Scrolls
 b - 2 scrolls of immolation
 l - 3 scrolls of teleportation
 o - 2 scrolls of identify
 q - a scroll of amnesia {unknown}
 r - a scroll of acquirement {unknown}
Potions
 d - a potion of lignification {unknown}
 e - 2 potions of might
 g - 2 potions of haste
 i - a potion of attraction
 j - a potion of curing
 m - 2 potions of mutation


   Skills:
 + Level 3.7 Fighting
 * Level 6.8 Ranged Weapons
 + Level 4.2 Dodging
 + Level 3.5 Stealth


You had 6 spell levels left.
You didn't know any spells.
Your spell library contained the following spells:

 Spells                   Type           Power      Damage    Failure   Level
 Portal Projectile        Hex/Tloc       0%         N/A       88%         3
 Tukima's Dance           Hex            0%         N/A       88%         3
 Blade Hands              Tmut           0%         N/A       100%        5
 Borgnjor's Revivificati  Necr           0%         N/A       100%        8
 Necromutation            Tmut/Necr      0%         N/A       100%        8
 Death's Door             Necr           0%         N/A       100%        9


Dungeon Overview and Level Annotations

Branches:
Dungeon (5/15) Zot: 24229
 Temple: D:4-7

Altars:
Yredelemnul

Shops:
D:4 *

Annotations:
D:4 Edmund


Innate Abilities, Weirdness & Mutations

You have a beak for a mouth.
You have claws for feet.
Your magical nature lets you fly swiftly and evasively.
You passively map a small area around you.
Your spells are a little harder to cast, but a little more powerful.


Message History

Fire: a) +0 shortbow
Press: ? - help, Shift-Dir - straight line, f/p - scorpion
Aim: a scorpion (heavily wounded, 65% to hit)
You shoot an arrow. The arrow hits the scorpion!
You kill the scorpion!
You fly downwards.
The iguana bites you! The iguana misses you.
There is a stone staircase leading up, spattered with blood here.
Fire: a) +0 shortbow
Press: ? - help, Shift-Dir - straight line, f - iguana
Aim: an iguana (moderately wounded, 69% to hit)
You shoot an arrow. The arrow hits the iguana.
The iguana is heavily wounded.
The iguana bites you!
Fire: a) +0 shortbow
Press: ? - help, Shift-Dir - straight line, f/p - iguana
Aim: an iguana (heavily wounded, 69% to hit)
You shoot an arrow.
The arrow hits the iguana but does no damage.
The iguana is heavily wounded.
The iguana bites you!
* * * LOW HITPOINT WARNING * * *
Fire: a) +0 shortbow
Press: ? - help, Shift-Dir - straight line, f/p - iguana
Aim: an iguana (heavily wounded, 69% to hit)
You shoot an arrow. The arrow hits the iguana.
The iguana is heavily wounded.
The iguana bites you.
* * * LOW HITPOINT WARNING * * *
Fire: a) +0 shortbow
Press: ? - help, Shift-Dir - straight line, f/p - iguana
Aim: an iguana (heavily wounded, 69% to hit)
You shoot an arrow. The arrow closely misses the iguana.
The iguana misses you. x2
Fire: a) +0 shortbow
Press: ? - help, Shift-Dir - straight line, f/p - iguana
Aim: an iguana (heavily wounded, 69% to hit)
You shoot an arrow. The arrow closely misses the iguana.
The iguana closely misses you.
As you read the scroll of teleportation, it crumbles to dust.
You feel strangely unstable. The iguana bites you!
You die...

.#..#..###
....#..#####
.......l@#
.....).....# *
....#..###
####..#.###... .
.....
.............
....#.#
#####.###..#####
... ..,,
................
#.,...,
.........O......
# #..
##########.#####
#.# , ** *, #.#
, + ,* #.# , * *
#.# , #.# * #.#
,, ,#.# * , ,


You could see an iguana.

Vanquished Creatures
  A scorpion (D:4)
  A hound (D:5)
  4 orc priests
  2 iguanas
  2 orc wizards
  5 gnolls
  5 adders
  A worm (D:4)
  5 dart slugs
  19 orcs
  4 endoplasms
  5 giant cockroaches
  5 goblins
  6 hobgoblins
  3 jackals
  8 kobolds
  4 quokkas
  8 ball pythons
  9 bats
  2 frilled lizards
  5 rats
104 creatures vanquished.

Notes
Turn   | Place    | Note
-------+----------+-------------------------------------------
     0 | D:1      | chaostorm the Tengu Hunter began the quest for the Orb.
     0 | D:1      | Reached XP level 1. HP: 12/12 MP: 2/2
   118 | D:1      | Reached XP level 2. HP: 17/17 MP: 3/3
   657 | D:1      | Reached XP level 3. HP: 21/21 MP: 4/4
   940 | D:2      | Reached skill level 5 in Ranged Weapons
  1095 | D:2      | Reached XP level 4. HP: 27/27 MP: 5/5
  2441 | D:3      | Gained mutation: Your magical nature lets you fly swiftly
                  | and evasively. [Tengu growth]
  2441 | D:3      | Reached XP level 5. HP: 31/31 MP: 6/6
  2681 | D:4      | Gained mutation: You passively map a small area around you.
                  | [potion of mutation]
  2681 | D:4      | Gained mutation: Your spells are a little harder to cast,
                  | but a little more powerful. [potion of mutation]
  2796 | D:4      | Noticed Edmund
  3614 | D:4      | Reached XP level 6. HP: 37/37 MP: 7/7
  3701 | D:3      | Reached skill level 6 in Ranged Weapons
  3949 | D:4      | Found Ajuannulo's Assorted Antiques.
  4705 | D:5      | Entered Level 5 of the Dungeon
  5474 | D:5      | Found a basalt altar of Yredelemnul.
  5495 | D:5      | Reached XP level 7. HP: 41/41 MP: 8/8
  5858 | D:5      | Slain by an iguana

Illustrated notes

Levels and vault maps discovered:
D:1:      wander_arrival_lonely_grave, layout_basic, st_stairs_1,
          minmay_close_crescents
D:2:      layout_loops_cross, minivault_23, minmay_box_of_dots
D:3:      layout_rooms
D:4:      layout_loops_corners, serial_shops, nicolae_shop_stone, dk_vineyard_3,
          uniq_edmund
D:5:      minmay_clustersquares, layout_basic, mainiacjoe_overflow_alcove_4,
          mainiacjoe_overflow_catwalk

Skill      XL: |  1  2  3  4  5  6 |
---------------+-------------------+-----
Ranged Weapons | 5 6 |  6.8
Stealth        | 2 3 |  3.5
Dodging        | 3 4 |  4.2
Fighting       | 3 |  3.7

Action                   |  1- 3 |  4- 6 |  7- 9 || total
-------------------------+-------+-------+-------++-------
 Fire: Shortbow          |    99 |   211 |    18 ||   328
  Use: Scroll            |       |     7 |     1 ||     8
       Potion            |       |     2 |       ||     2
Armor: Leather armour    |    12 |    10 |       ||    22
Dodge: Dodged            |    21 |    72 |     7 ||   100
